 Dungeon Crawl Stone Soup version 0.20.1-1-g8b1a95d (webtiles) character file.

160 Peloso the Skirmisher (level 5, 12/41 HPs)
             Began as a Demonspawn Fighter on July 30, 2017.
             Was an Initiate of Okawaru.
             Quit the game on level 3 of the Dungeon.
             The game lasted 00:03:53 (1678 turns).

Peloso the Skirmisher (Demonspawn Fighter)          Turns: 1678, Time: 00:03:54

Health: 12/41      AC:  9    Str: 17    XL:     5   Next: 17%
Magic:  14/14      EV:  4    Int: 10    God:    Okawaru [......]
Gold:   87         SH:  9    Dex: 12    Spells: 4/4 levels left

rFire    . . .     SeeInvis .   a - +0 long sword
rCold    . . .     Gourm    .   c - +0 shield
rNeg     . . .     Faith    .   e - +0 chain mail
rPois    .         Spirit   .   (helmet restricted)
rElec    .         Reflect  .   (no cloak)
rCorr    .         Harm     .   (no gloves)
MR       .....                  (no boots)
Stlth    ..........             (no amulet)
Regen    0.2/turn               b - ring of magical power
MPRegen  0.2/turn               (no ring)

@: no status effects
A: horns 2, demonic guardian 1, rot immunity
a: Renounce Religion


You were on level 3 of the Dungeon.
You worshipped Okawaru.
Okawaru was noncommittal.
You were not hungry.

You visited 1 branch of the dungeon, and saw 3 of its levels.

You collected 87 gold pieces.

Inventory:

Hand Weapons
 a - a +0 long sword (weapon)
Armour
 c - a +0 shield (worn)
 e - a +0 chain mail (worn)
Jewellery
 b - a ring of magical power (left hand)
Scrolls
 g - a scroll of teleportation {unknown}
 h - 3 scrolls of enchant weapon {unknown}
 l - a scroll of amnesia {unknown}
 n - a scroll of magic mapping {unknown}
 o - a scroll of remove curse {unknown}
 q - a scroll of noise {unknown}
Potions
 d - 2 potions of might
 j - a potion of berserk rage {unknown}
 k - a potion of brilliance {unknown}
 p - a potion of cancellation {unknown}
Comestibles
 f - 2 bread rations
 i - 2 royal jellies
 m - a meat ration


   Skills:
 + Level 3.5 Fighting
 + Level 3.3 Long Blades
 + Level 3.4 Armour
 + Level 3.5 Shields


You had 4 spell levels left.
You didn't know any spells.

Dungeon Overview and Level Annotations

Branches:
Dungeon (3/15)

Altars:
Okawaru


Innate Abilities, Weirdness & Mutations

You have a pair of horns on your head.
A weak demonic guardian rushes to your aid.
You are immune to rotting.


Message History

Your shadow imp gestures at the orc.
The orc writhes in agony!
The orc dies!
Okawaru accepts your kill.
The orc priest closely misses your shadow imp.
Your shadow imp closely misses the orc priest.
The orc priest hits your shadow imp.
Your shadow imp disappears in a puff of smoke!
The orc priest casts a cantrip, but nothing happens.
You block the orc's attack.
The orc priest hits you but does no damage.
Unknown command.
You slash the orc priest!
You kill the orc priest!
Okawaru accepts your kill.
You have reached level 5!
Your demonic ancestry asserts itself...
The horns on your head grow some more. You block the orc's attack.
Are you sure you want to abandon this character and quit the game? (Confirm with "yes".)

.... ##... ###
...# ....##..#
#########
......$.#
#.......#
......)[#
#.......# #o#
#.......# #†###
#........ #.@.#
#.......# ###.#
#.......#
#.#######.......#
#....†..#.......#
#######....>#####
##..### ......
>.......#
#........#


You could see an orc.

Vanquished Creatures
  An orc priest (D:3)
  7 adders
  3 worms (D:2)
  A dart slug (D:2)
  2 leopard geckos
  2 orcs (D:3)
  2 ball pythons (D:2)
  6 bats
  5 giant cockroaches
  2 goblins (D:2)
  8 hobgoblins
  2 jackals (D:2)
  2 frilled lizards
  6 kobolds
  5 rats
54 creatures vanquished.

Vanquished Creatures (collateral kills)
  An orc (D:3)
1 creature vanquished.

Grand Total: 55 creatures vanquished

Notes
Turn   | Place    | Note
-------+----------+-------------------------------------------
     0 | D:1      | Peloso the Demonspawn Fighter began the quest for the Orb.
     0 | D:1      | Reached XP level 1. HP: 18/18 MP: 1/1
   340 | D:1      | Gained mutation: A weak demonic guardian rushes to your aid. [demonic ancestry]
   340 | D:1      | Reached XP level 2. HP: 24/24 MP: 2/2
   654 | D:2      | Found an iron altar of Okawaru.
   705 | D:2      | Gained mutation: You are immune to rotting. [demonic ancestry]
   705 | D:2      | Reached XP level 3. HP: 11/29 MP: 3/3
   715 | D:2      | Became a worshipper of Warmaster Okawaru
   936 | D:2      | Gained mutation: You have a pair of small horns on your head. [demonic ancestry]
   936 | D:2      | Reached XP level 4. HP: 28/35 MP: 4/4
  1677 | D:3      | Gained mutation: You have a pair of horns on your head. [demonic ancestry]
  1677 | D:3      | Reached XP level 5. HP: 12/41 MP: 5/5
  1678 | D:3      | Quit the game

Skill      XL: |  1  2  3  4 |
---------------+-------------+-----
Long Blades    | 2 3 |  3.3
Shields        | 3 |  3.5
Armour         | 3 |  3.4
Fighting       | |  3.5

Action                   |  1- 3 |  4- 6 || total
-------------------------+-------+-------++-------
Melee: Long sword        |   113 |   100 ||   213
       Headbutt          |       |    13 ||    13
  Eat: Chunk             |       |     3 ||     3
Armor: Chain mail        |    74 |    76 ||   150
       Scale mail        |     1 |       ||     1
Dodge: Dodged            |    22 |    19 ||    41
Block: Shield            |    59 |    88 ||   147
       Rpst.: Long sword |     7 |     3 ||    10
